 Dungeon Crawl Stone Soup version 0.31.0-9-g3a7656b989 (webtiles) character file.

Game seed: 17300714038451008429

1644 qw the Nimble (level 8, -2/40 HPs)
             Began as a Spriggan Hunter on Feb 2, 2024.
             Slain by Pikel
             ... wielding a +0 whip of electrocution
              (4 damage)
             ... while paralysed by Pikel
             ... on level 6 of the Dungeon.
             The game lasted 00:00:22 (4095 turns).

qw the Nimble (Spriggan Hunter)                     Turns: 4095, Time: 00:00:22

Health: -2/40      AC:  4    Str:  7    XL:     8   Next: 67%
Magic:  9/9        EV:  4    Int: 10    God:
Gold:   150        SH:  0    Dex: 21    Spells: 7/7 levels left

rFire   . . .        a - +1 shortbow (heavy)
rCold   . . .        (shield currently unavailable)
rNeg    . . .        c - +0 robe
rPois   .            (helmet restricted)
rElec   .            h - +1 cloak
rCorr   +            (gloves unavailable)
SInv    +            (boots unavailable)
Will    +....        (no amulet)
Stlth   ++           f - ring of resist corrosion
HPRegen 0.26/turn    (no ring)
MPRegen 0.11/turn

%: no passive effects
@: paralysed, very quick
A: very small, no large weapons, unfitting armour, see invisible, speed 3
a: no special abilities


You were on level 6 of the Dungeon.
You visited 1 branch of the dungeon, and saw 6 of its levels.

You collected 247 gold pieces.
You spent 97 gold pieces at shops.


Innate Abilities, Weirdness & Mutations

You are very small and have problems with some larger weapons.
You are too small for most types of armour.
You have supernaturally acute eyesight. (SInv)
You cover ground extremely quickly. (Speed+++)


   Skills:
 - Level 3.1 Fighting
 + Level 9.0 Ranged Weapons
 - Level 9.3 Dodging
 - Level 1.5 Stealth


You had 7 spell levels left.
You didn't know any spells.
Your spell library was empty.

Inventory:

Hand Weapons
 a - a +1 heavy shortbow (weapon)
Armour
 c - a +0 robe (worn)
 h - a +1 cloak (worn)
Jewellery
 f - a ring of resist corrosion (left hand)
 j - a ring of fire
Scrolls
 d - 2 scrolls of brand weapon
 k - a scroll of identify
Potions
 b - a potion of ambrosia {unknown}
 e - a potion of enlightenment
 g - a potion of curing
 i - a potion of might {unknown}
 l - a potion of mutation {unknown}

Dungeon Overview and Level Annotations

Branches:
Dungeon (6/15)
 Temple: D:4-7

Altars:
Dithmenos
Elyvilon
Qazlal
Vehumet
Xom
Yredelemnul
The Shining One

Shops:
D:2 :   D:3 ?

Annotations:
D:1 1 transporter
D:3 2 transporters
D:5 4 runed translucent doors, Crazy Yiuf; qw's ghost, amateur DgHu; qw's ghost, novice DjHu
D:6 Pikel


Message History

You shoot an arrow. The arrow hits the lemure.
The lemure is lightly wounded.
The lemure barely misses you. The lemure completely misses you.
You shoot an arrow. The arrow hits the lemure.
The lemure is moderately wounded.
The lemure hits you.
You shoot an arrow. The arrow hits the lemure!
The lemure is heavily wounded.
The lemure completely misses you.
You shoot an arrow.
The arrow hits the lemure but does no damage.
The lemure is heavily wounded.
You shoot an arrow. The arrow hits Pikel!!
Pikel is heavily wounded.
You hear a shout!
Pikel completely misses you.
A lemure comes into view.
You shoot an arrow. The arrow barely misses Pikel.
The arrow closely misses the lemure.
Pikel completely misses you.
A lemure comes into view.
Pikel barely misses you.
You shoot an arrow. The arrow hits Pikel!
Pikel is severely wounded.
Pikel zaps a wand.
You resist with almost no effort.
You shoot an arrow. The arrow hits Pikel.
Pikel is severely wounded.
Pikel completely misses you. x2
You shoot an arrow. The arrow barely misses Pikel.
The arrow hits the lemure but does no damage.
The lemure is heavily wounded.
Pikel hits you with a +0 whip of electrocution!
You shoot an arrow. The arrow hits Pikel!
Pikel is almost dead.
You hear a shout!
Pikel zaps a wand.
You suddenly lose the ability to move!
Pikel hits you with a +0 whip of electrocution.
Pikel hits you with a +0 whip of electrocution.
You die...
Pikel says, "See you in Hell!"

. .5# #.K.##
#.....###
#.....55#
#.$...#K# #....
#@### #... #...#
#.. ###.# +# #.
#.# #.# #
#)####.#
#######...##.#
#.........##.#
#.........##.# .
#.........(#.###
...


You could see Pikel and 2 lemures.

Vanquished Creatures
  Sigmund (D:2)
  Eustachio (D:4)
  Edmund (D:4)
  A water moccasin (D:5)
  An orc warrior (D:6)
  2 ogres
  A phantom (D:4)
  2 scorpions (D:5)
  2 bombardier beetles
  3 jellies
  Natasha (thrice) (D:3)
  2 iguanas
  3 orc wizards
  Robin (D:3)
  6 gnolls (D:5)
  11 adders
  A shadow imp (D:5)
  A white imp (D:5)
  2 ufetubi (D:6)
  A dart slug (D:1)
  A ribbon worm (D:4)
  11 orcs
  11 endoplasms
  2 giant cockroaches (D:1)
  14 goblins
  12 hobgoblins
  9 jackals
  3 quokkas (D:1)
  9 ball pythons
  5 bats
  3 frilled lizards
  11 kobolds
  7 rats
144 creatures vanquished.

Notes
Turn   | Place    | Note
-------+----------+-------------------------------------------
     0 | D:1      | qw the Spriggan Hunter began the quest for the Orb.
     0 | D:1      | Reached XP level 1. HP: 10/10 MP: 2/2
     0 | D:1      | 0 ||| qw: Version: 0.3-a-155-g5e7d8dd
     0 | D:1      | 0 ||| qw: Game counter: 834
     0 | D:1      | 0 ||| qw: Melee chars always use a shield: true
     0 | D:1      | 0 ||| qw: God list: Okawaru
     0 | D:1      | 0 ||| qw: Allow faded altars: false
     0 | D:1      | 0 ||| qw: Do Orc after clearing Dungeon:15 true
     0 | D:1      | 0 ||| qw: Do second Lair branch before Depths: true
     0 | D:1      | 0 ||| qw: Lair rune preference: random
     0 | D:1      | 0 ||| qw: Goals: Normal
     0 | D:1      | 0 ||| PLANNING D:1-11
    18 | D:1      | Reached skill level 3 in Dodging
    93 | D:1      | Reached XP level 2. HP: 14/14 MP: 3/3
   291 | D:1      | Reached XP level 3. HP: 18/18 MP: 4/4
   463 | D:1      | 463 ||| DROPPING ring of wizardry.
   464 | D:1      | 464 ||| READING 2 scrolls labelled TUADOL KUSARGH.
   464 | D:1      | 464 ||| IDENTIFYING yellow potion
   465 | D:1      | 465 ||| READING scroll of identify.
   465 | D:1      | 465 ||| IDENTIFYING white potion
   466 | D:1      | 466 ||| READING scroll labelled FEAMOW DEONULA.
   467 | D:1      | 467 ||| DROPPING scroll of butterflies.
   468 | D:1      | 468 ||| DROPPING potion of berserk rage.
   505 | D:2      | Found Keis's Book Emporium.
   841 | D:2      | Noticed Sigmund
   852 | D:2      | 852 ||| DRINKING 2 potions of curing.
   852 | D:2      | 852 ||| (to cure confusion)
   854 | D:2      | Killed Sigmund
   855 | D:2      | Reached skill level 6 in Dodging
   855 | D:2      | Reached XP level 4. HP: 14/22 MP: 5/5
   855 | D:2      | Reached XP level 5. HP: 16/25 MP: 6/6
  1056 | D:2      | 1056 ||| UPGRADING to +0 cloak.
  1061 | D:2      | 1061 ||| READING 2 scrolls of identify.
  1061 | D:2      | 1061 ||| IDENTIFYING pink potion
  1062 | D:2      | 1062 ||| READING scroll of identify.
  1062 | D:2      | 1062 ||| IDENTIFYING sapphire potion
  1063 | D:2      | 1063 ||| READING 2 scrolls labelled VUMUSACUCI.
  1064 | D:2      | 1064 ||| DROPPING potion of lignification.
  1065 | D:2      | 1065 ||| DROPPING scroll of amnesia.
  1162 | D:3      | Found a white marble altar of Elyvilon.
  1163 | D:3      | Found a transporter.
  1163 | D:3      | Found a glowing golden altar of the Shining One.
  1177 | D:3      | Noticed Natasha
  1186 | D:3      | Killed Natasha
  1187 | D:3      | Reached XP level 6. HP: 21/30 MP: 7/7
  1226 | D:3      | Found Faimoch's Magic Scroll Emporium.
  1229 | D:3      | Noticed Natasha
  1250 | D:3      | 1250 ||| SHOPLISTING scroll of brand weapon (123 gold, have
                  | 101).
  1250 | D:3      | 1250 ||| BUYING scroll of enchant armour (97 gold).
  1250 | D:3      | Bought a scroll of enchant armour for 97 gold pieces
  1250 | D:3      | 1250 ||| SHOPLISTING scroll of enchant armour (97 gold,
                  | have 4).
  1250 | D:3      | 1250 ||| SHOPLISTING scroll of identify (26 gold, have 4).
  1250 | D:3      | 1250 ||| READING scroll of enchant armour.
  1250 | D:3      | 1250 ||| ENCHANTING +0 cloak.
  1262 | D:3      | Killed Natasha
  1411 | D:3      | Found a stormy altar of Qazlal.
  1411 | D:3      | Found a basalt altar of Yredelemnul.
  1411 | D:3      | Found a white marble altar of Elyvilon.
  1411 | D:3      | Found a shimmering altar of Xom.
  1411 | D:3      | Found a shadowy altar of Dithmenos.
  1411 | D:3      | Found a radiant altar of Vehumet.
  1424 | D:3      | 1424 ||| FLEEEEING.
  1542 | D:3      | Reached skill level 6 in Ranged Weapons
  1873 | D:3      | Noticed a shining eye
  1875 | D:3      | Found a faded altar of an unknown god.
  1878 | D:3      | Noticed a shining eye
  1878 | D:3      | Noticed an eye of devastation
  1878 | D:3      | Noticed a shining eye
  1940 | D:3      | Found a basalt altar of Yredelemnul.
  1943 | D:3      | Found a transporter.
  1958 | D:3      | Noticed Natasha
  1985 | D:3      | Killed Natasha
  2288 | D:3      | 2288 ||| UPGRADING to ring of resist corrosion.
  2289 | D:3      | 2289 ||| READING 3 scrolls labelled CEELE PUFED.
  2390 | D:3      | 2390 ||| READING 3 scrolls labelled NALEOF FEAXU.
  2390 | D:3      | 2390 ||| BRANDING +0 shortbow.
  2391 | D:3      | 2391 ||| DROPPING 2 scrolls of vulnerability.
  2414 | D:4      | 2414 ||| STAIRDANCE
  2418 | D:4      | 2418 ||| STAIRDANCE
  2418 | D:4      | Noticed Robin
  2430 | D:4      | 2430 ||| STAIRDANCE
  2444 | D:4      | 2444 ||| STAIRDANCE
  2459 | D:4      | 2459 ||| STAIRDANCE
  2466 | D:3      | Killed Robin
  2573 | D:4      | Noticed Edmund
  2579 | D:4      | HP: 7/30 [Edmund/+1 flail of holy wrath (9)]
  2580 | D:4      | 2580 ||| DRINKING potion of heal wounds.
  2584 | D:4      | Killed Edmund
  2585 | D:4      | Reached XP level 7. HP: 13/35 MP: 8/8
  2964 | D:4      | Noticed Eustachio
  2978 | D:4      | 2978 ||| RETREEEEATING.
  2980 | D:4      | Killed Eustachio
  3404 | D:4      | 3404 ||| READING scroll labelled PIFFOI XAESA.
  3404 | D:4      | 3404 ||| ENCHANTING +0 heavy shortbow.
  3424 | D:5      | Entered Level 5 of the Dungeon
  3425 | D:5      | 3425 ||| STAIRDANCE
  3429 | D:5      | 3429 ||| STAIRDANCE
  3433 | D:5      | 3433 ||| STAIRDANCE
  3437 | D:5      | 3437 ||| STAIRDANCE
  3552 | D:5      | Found a runed translucent gate.
  3552 | D:5      | Found a runed translucent gate.
  3552 | D:5      | Found a runed translucent gate.
  3553 | D:5      | Noticed qw's ghost (amateur DgHu)
  3555 | D:5      | Noticed qw's ghost (novice DjHu)
  3559 | D:5      | 3559 ||| RETREEEEATING.
  3560 | D:5      | 3560 ||| RETREEEEATING.
  3562 | D:5      | 3562 ||| RETREEEEATING.
  3564 | D:5      | 3564 ||| RETREEEEATING.
  3565 | D:5      | 3565 ||| RETREEEEATING.
  3586 | D:5      | Reached XP level 8. HP: 39/39 MP: 9/9
  3655 | D:5      | 3655 ||| RETREEEEATING.
  3656 | D:5      | 3656 ||| RETREEEEATING.
  3657 | D:5      | 3657 ||| RETREEEEATING.
  3658 | D:5      | 3658 ||| RETREEEEATING.
  3659 | D:5      | 3659 ||| RETREEEEATING.
  3662 | D:5      | Reached skill level 3 in Fighting
  3738 | D:5      | Reached skill level 9 in Ranged Weapons
  3794 | D:5      | Found a runed translucent door.
  3795 | D:5      | Noticed Crazy Yiuf
  3936 | D:5      | 3936 ||| READING 3 scrolls labelled TUTWAV ZIXOSOI.
  4009 | D:5      | 4009 ||| READING scroll labelled LULAIK SOMEKH.
  4024 | D:5      | 4024 ||| DRINKING 2 bubbling white potions.
  4025 | D:5      | 4025 ||| DROPPING 2 scrolls of torment.
  4076 | D:6      | Noticed Pikel
  4077 | D:6      | 4077 ||| RETREEEEATING.
  4078 | D:6      | 4078 ||| RETREEEEATING.
  4084 | D:6      | Reached skill level 9 in Dodging
  4093 | D:6      | HP: 6/40 [Pikel/+0 whip of electrocution (9)]
  4094 | D:6      | Paralysed by Pikel for 5 turns
  4094 | D:6      | HP: 1/40 [Pikel/+0 whip of electrocution (5)]
  4095 | D:6      | Slain by Pikel

Levels and vault maps discovered:
D:1:      spicycebolla_arrival_risky_transporter, layout_rooms
D:2:      layout_basic, serial_shops, shop_statue, uniq_sigmund
D:3:      cheibrodos_fertilizer, layout_basic, gammafunk_temple_overflow_arena,
          serial_shops, nicolae_shop_window_shopping,
          hellmonk_ecumenical_altar_watching_god, uniq_natasha
D:4:      layout_basic, minmay_distorted, uniq_robin, uniq_edmund,
          uniq_eustachio
D:5:      layout_rooms, gammafunk_ghost_cemetery, uniq_crazy_yiuf_cottage
D:6:      layout_basic, uniq_pikel

Skill      XL: |  1  2  3  4  5  6  7  8 |
---------------+-------------------------+-----
Dodging        | 3 4 6 8 9 |  9.3
Ranged Weapons | 5 7 8 9 |  9.0
Fighting       | 2 3 |  3.1
Stealth        | |  1.5

Action                     |  1- 3 |  4- 6 |  7- 9 || total
---------------------------+-------+-------+-------++-------
   Fire: Shortbow          |   114 |   185 |   143 ||   442
    Use: Scroll            |     3 |     6 |     3 ||    12
         Potion            |     1 |     1 |     1 ||     3
 Armour: Robe              |    10 |    48 |    32 ||    90
  Dodge: Dodged            |    27 |   137 |   107 ||   271

Table legend:
 A = Non-vault XP
 B = Vault XP
 C = Vault XP percentage of total XP
 D = Non-vault monster count
 E = Vault monster count
 F = Vault count percentage of total count
                 A         B        C        D         E       F
            +---------+---------+-------+---------+---------+-------
      Total |    1463 |     886 |  37.7 |     110 |      34 |  23.6
            +---------+---------+-------+---------+---------+-------
        D:1 |      46 |       0 |   0.0 |      29 |       0 |   0.0
        D:2 |      46 |     214 |  82.3 |      16 |       1 |   5.9
        D:3 |     184 |     181 |  49.6 |      25 |      28 |  52.8
        D:4 |     182 |     491 |  73.0 |       9 |       5 |  35.7
        D:5 |     760 |       0 |   0.0 |      23 |       0 |   0.0
        D:6 |     245 |       0 |   0.0 |       8 |       0 |   0.0
            +---------+---------+-------+---------+---------+-------
